Map: Simulacrum LE

Players

Ratl - Winner!

  • Race: Protoss Protoss
  • Spawn Location: 5:00

SURINOX

  • Race: Zerg Zerg
  • League: Silver
  • Spawn Location: 11:00

VOD

Have the link to the VOD?

Description

Time

  • Played on: Dec. 18, 2019, 9:04 p.m.
  • Length: 10:12
Show
View Real Time Build Order
Export as new Build Order

Ratl Protoss - Winner!

Build Orders: Double Forge 

Get SALT Encoding   

  12  0:01  Probe (Chrono Boost)  
  13  0:11  Probe (Chrono Boost)  
  14  0:27  Pylon  
  14  0:37  Probe  
  16  0:50  Probe, Gateway  
  16  0:58  Gateway  
  16  1:20  Probe  
  17  1:25  Assimilator  
  17  1:29  Assimilator  
  17  1:33  Probe  
  18  1:45  Probe (Chrono Boost)  
  20  1:56  Probe (Chrono Boost)  
  20  1:57  Cybernetics Core  
  20  2:00  Probe (Chrono Boost)  
  20  2:07  Nexus  
  22  2:15  Probe  
  22  2:27  Probe  
  23  2:45  Probe  
  23  2:53  Pylon  
  23  2:58  Pylon  
  23  3:02  Pylon  
  23  3:15  Probe  
  24  3:24  Robotics Facility  
  24  3:27  Probe, Forge  
  24  3:28  Forge  
  24  3:30  Twilight Council  
  25  3:35  Gateway  
  25  3:39  Probe  
  26  3:41  Probe  
  26  3:46  Stalker (Chrono Boost)  
  29  3:49  Stalker (Chrono Boost)  
  29  3:51  Probe  
  32  3:58  Warp Gate  
  32  4:00  Probe  
  33  4:04  Probe  
  34  4:12  Probe  
  35  4:35  Probe x2  
  37  4:40  Assimilator  
  37  4:42  Assimilator  
  37  4:46  Protoss Ground Armor Level 1  
  37  4:47  Probe, Protoss Ground Weapons Level 1  
  37  4:48  Probe  
  39  4:54  Stalker  
  41  5:07  Probe x2  
  41  5:10  Stalker  
  45  5:19  Probe x2  
  45  5:20  Shield Battery  
  47  5:22  Shield Battery  
  47  5:24  Pylon  
  47  5:31  Probe  
  47  5:34  Gateway  
  47  5:35  Gateway  
  48  5:37  Gateway  
  48  5:38  Gateway  
  48  5:41  Gateway  
  48  5:47  Pylon  
  48  5:50  Stargate  
  48  5:54  Robotics Bay  
  48  6:02  Observer  
  49  6:06  Charge  
  49  6:13  Zealot  
  49  6:14  Zealot x2  
  55  6:32  Warp Prism  
  57  6:42  Gravitic Drive  
  55  6:57  Stalker  
  55  6:58  Stalker  
  55  6:59  Stalker  
  55  7:01  Zealot  
  55  7:02  Zealot x4  
  65  7:08  Immortal  
  63  7:47  Immortal  
  67  8:09  Stalker x5  
  77  8:35  Pylon  
  77  8:37  Pylon  
  77  8:38  Nexus  
  73  8:59  Stalker x5  
  73  9:00  Stalker  
  73  9:01  Zealot x2  
  85  9:24  Stalker  
  85  9:25  Stalker x5  
  85  9:26  Zealot  
  85  9:28  Zealot  
  83  9:33  Observer  
Show
View Real Time Build Order
Export as new Build Order

SURINOX Zerg 

Build Orders: Pool First 

Get SALT Encoding   

  12  0:02  Drone  
  13  0:13  Drone  
  14  0:18  Extractor  
  14  0:19  Drone  
  14  0:23  Overlord  
  14  0:44  Spawning Pool  
  14  0:45  Drone  
  14  0:49  Drone  
  15  0:55  Drone  
  16  0:58  Drone  
  17  1:28  Drone x2  
  19  1:43  Drone x2  
  21  2:01  Extractor, Queen  
  22  2:09  Overlord x2  
  22  2:22  Hatchery  
  21  2:23  Drone  
  22  2:48  Drone x3  
  25  3:09  Lair  
  25  3:12  Zergling x4  
  27  3:24  Overlord  
  27  3:41  Roach Warren  
  26  3:53  Metabolic Boost  
  26  4:03  Evolution Chamber  
  26  4:09  Evolution Chamber  
  22  4:38  Drone x4  
  25  4:43  Zerg Ground Armor Level 1  
  25  4:45  Zerg Melee Weapons Level 1  
  26  4:49  Hatchery, Drone  
  26  4:50  Drone  
  26  4:51  Drone x4  
  31  4:53  Drone x3  
  31  4:54  Queen  
  36  5:08  Extractor  
  36  5:12  Queen  
  37  5:20  Drone  
  37  5:21  Drone  
  39  5:58  Zergling x6  
  39  6:00  Zergling x4  
  39  6:01  Zergling x12  
  50  6:11  Zergling x6  
  53  6:22  Drone x3  
  42  7:29  Zerg Melee Weapons Level 2  
  42  7:31  Zerg Ground Armor Level 2  
  42  7:35  Zergling x2  
  42  7:36  Zergling x14  
  42  7:37  Zergling x8  
  52  7:41  Zergling x2  
  52  7:42  Zergling x6  
  58  7:44  Overlord x2  
  58  8:03  Drone x3  
  58  8:05  Queen  
  63  8:08  Queen  
  63  8:09  Zergling x4  
  63  8:10  Zergling x6  
  70  8:16  Drone x3  
  73  8:23  Overseer  
  73  8:26  Drone  
  60  8:53  Zergling x6  
  60  8:54  Zergling x8  
  60  9:00  Roach x2  
  60  9:01  Roach x6  
  27  9:46  Extractor  
  27  9:48  Extractor  
Tags
 
Add a new tag
Caveats
  • Supply blocks, unpowered buildings, or Contaminate may cause inaccurate times.
  • Supply counts are checked every 10 seconds.